 Dungeon Crawl Stone Soup version 0.28.0-43-g3370ac3207 (webtiles) character file.

Game seed: 17386545884160351548

11522 Ablot the Thaumaturge (level 11, -3/86 HPs)
             Began as a Gnoll Warper on Mar 27, 2022.
             Was a High Priest of Okawaru.
             Engulfed by an ice statue's freezing vapour (21 damage)
             ... in an ice cave.
             The game lasted 00:29:41 (14921 turns).

Ablot the Thaumaturge (Gnoll Warper)               Turns: 14921, Time: 00:29:41

Health: -3/86      AC: 17    Str: 24    XL:     11   Next: 79%
Magic:  23/23      EV: 12    Int: 13    God:    Okawaru [*****.]
Gold:   1227       SH:  5    Dex: 11    Spells: 20/26 levels left

rFire   . . .      SeeInvis .   Y - +1 scimitar (flame)
rCold   . . .      Faith    .   o - +0 buckler
rNeg    + . .      Spirit   .   V - +4 scale mail {rN+}
rPois   .          Reflect  .   N - +0 helmet
rElec   .          Harm     .   (no cloak)
rCorr   .          Rampage  .   z - +0 pair of gloves
Will    .....                   b - +0 pair of boots
Stlth   ++........              (no amulet)
HPRegen 0.24/turn               B - ring of Otefeddy {Str+3 Slay+4}
MPRegen 0.18/turn               H - +6 ring of strength

@: no status effects
A: fangs 1, strong nose, distributed training, hooves 1, iridescent scales 1
a: Renounce Religion, Heroism, Finesse, Duel


You were in an ice cave.
You worshipped Okawaru.
Okawaru was extremely pleased with you.
You visited 2 branches of the dungeon, and saw 12 of its levels.
You also visited: Ice Cave.

You collected 1227 gold pieces.

Inventory:

Hand Weapons
 d - a +6 dagger of venom
 Y - a +1 scimitar of flaming (weapon)
 Z - a +2 vorpal morningstar
Missiles
 f - 8 curare-tipped darts
 g - 5 poisoned darts
 t - 5 boomerangs of dispersal
 x - 17 boomerangs (quivered)
 L - 41 sling bullets
 M - 2 atropa-tipped darts
 P - 6 throwing nets
Armour
 b - a +0 pair of boots (worn)
 o - a +0 buckler (worn)
 z - a +0 pair of gloves (worn)
 N - a +0 helmet (worn)
 V - a +4 scale mail of positive energy (worn)
Jewellery
 j - a ring of flight
 B - the ring of Otefeddy (left hand) {Str+3 Slay+4}
   (You found it on level 4 of the Dungeon)

   [ring of slaying]

   Str:       It affects your strength (+3).
   Slay:      It affects your accuracy & damage with ranged weapons and melee
   (+4).
 F - a ring of see invisible
 H - a +6 ring of strength (right hand)
 W - a ring of positive energy
Wands
 y - a wand of flame (31)
 D - a wand of polymorph (11)
 O - a wand of digging (4)
 U - a wand of acid (5)
Scrolls
 c - 4 scrolls of blinking
 h - a scroll of silence {unknown}
 n - 3 scrolls of teleportation {unknown}
 s - a scroll of vulnerability {unknown}
 A - a scroll of fog {unknown}
 C - 2 scrolls of noise {unknown}
 E - a scroll of torment {unknown}
 I - a scroll of fear {unknown}
 J - 2 scrolls of enchant armour {unknown}
Potions
 i - 2 potions of brilliance
 l - 2 potions of curing
 p - 2 potions of lignification
 q - a potion of heal wounds
 r - 2 potions of resistance {unknown}
 v - 4 potions of mutation
 G - 2 potions of attraction
 Q - 3 potions of haste
 R - a potion of berserk rage {unknown}
 S - a potion of degeneration {unknown}
 T - a potion of magic {unknown}
 X - a potion of cancellation {unknown}


   Skills:
 + Level 8.1 Fighting
 + Level 6.6 Short Blades
 + Level 6.6 Long Blades
 + Level 6.6 Axes
 + Level 6.6 Maces & Flails
 + Level 8.1 Polearms
 + Level 6.6 Staves
 + Level 6.6 Slings
 + Level 6.6 Bows
 + Level 6.6 Crossbows
 + Level 7.2 Throwing
 + Level 7.2 Armour
 + Level 8.1 Dodging
 + Level 6.6 Stealth
 + Level 6.6 Shields
 + Level 6.6 Unarmed Combat
 + Level 8.4 Spellcasting
 + Level 5.5 Conjurations
 + Level 5.5 Hexes
 + Level 5.5 Summonings
 + Level 5.5 Necromancy
 + Level 7.8 Translocations
 + Level 5.5 Transmutations
 + Level 5.5 Fire Magic
 + Level 5.5 Ice Magic
 + Level 5.5 Air Magic
 + Level 5.5 Earth Magic
 + Level 5.5 Poison Magic
 + Level 7.2 Invocations
 + Level 6.6 Evocations


You had 20 spell levels left.
You knew the following spells:

 Your Spells              Type           Power      Damage    Failure   Level
a - Blink                 Tloc           50%        N/A       2%          2
b - Ensorcelled Hibernat  Hex/Ice        38%        N/A       6%          2
c - Passwall              Tmut/Erth      15%        N/A       6%          2

Your spell library contained the following spells:

 Spells                   Type           Power      Damage    Failure   Level
 Gell's Gravitas          Tloc           25%        N/A       4%          3
 Lesser Beckoning         Tloc           25%        N/A       4%          3
 Teleport Other           Tloc           25%        N/A       4%          3
 Static Discharge         Conj/Air       19%        N/A       6%          2
 Portal Projectile        Hex/Tloc       44%        N/A       7%          3
 Swiftness                Air            19%        N/A       12%         3
 Dispel Undead            Necr           19%        3d11      36%         4
 Leda's Liquefaction      Hex/Erth       9%         N/A       36%         4
 Sticky Flame             Conj/Fire      19%        2d4       36%         4
 Manifold Assault         Tloc           25%        N/A       38%         5
 Call Canine Familiar     Summ           Unusable   N/A       N/A         3

Dungeon Overview and Level Annotations

Branches:
Dungeon (11/15)            Temple (1/1) D:6            Lair (0/6) D:10
  IceCv (1/1)
    Orc: D:9-12

Altars:
Ashenzari
Cheibriados
Dithmenos
Elyvilon
Fedhas
Gozag
Hepliaklqana
Kikubaaqudgha
Makhleb
Nemelex Xobeh
Okawaru
Qazlal
Ru
Sif Muna
Trog
Uskayaw
Vehumet
Wu Jian
Xom
Yredelemnul
Zin
The Shining One

Shops:
D:1 [   D:7 (

Annotations:
D:4 1 runed translucent door
D:6 1 runed translucent door, exclusion: door, dangdung's ghost, novice OpTm IceCv exclusion: ice statue


Innate Abilities, Weirdness & Mutations

You have very sharp teeth.
Your uncanny sense of smell can sniff out nearby items.
Your experience applies equally to all skills.
You have large cloven feet.
You are partially covered in iridescent scales. (AC +2)


Message History

You barely miss the ice beast.
The ice beast is moderately wounded.
The ice beast hits you but does no damage.
You block the ice beast's attack.
You slash the ice beast!
You melt the ice beast.
The ice beast is heavily wounded.
The ice beast barely misses you.
You slash the ice beast!
You melt the ice beast!
You kill the ice beast!
The ice beast disappears in a puff of smoke!
Unknown command.
You start resting.
HP restored.
There is an ice covered gate leading back out of this place here.
There is an ice choked empty arch of ancient stone here.
Really walk into a travel-excluded area?
The ice statue gestures at you. The freezing blast misses you.
You slash the ice statue!
You melt the ice statue.
The ice statue is lightly damaged.
You are engulfed in freezing vapours.
The ice statue glitters chillingly in the dim dungeon light.
You slash the ice statue!
You melt the ice statue.
The ice statue is moderately damaged.
You are engulfed in freezing vapours.
The ice statue gestures at you. The bolt of cold hits you!
You slash the ice statue!
You melt the ice statue!
The ice statue is heavily damaged.
You are engulfed in freezing vapours.
You slash the ice statue!
You melt the ice statue.
The ice statue is severely damaged.
The ice statue gestures at you. The bolt of cold hits you!
* * * LOW HITPOINT WARNING * * *
Really walk into that cloud of freezing vapour? [Y]es or [N]o only, please.
Really walk into that cloud of freezing vapour?
You are engulfed in freezing vapours.
You die...

#### ##.#.#### ####
##.......# #### ##..##
#.......####..#####....##
#........##....##.......#
#...........#.......∩.∩.#
##.........###..........#
#....○°@### ##..##....##
#....°.## ######..##
#....°○8# #### ##..○..##
##....# ##..## ... ...#
##..


There were no monsters in sight!

Vanquished Creatures
  Harold (D:8)
  A boulder beetle (D:11)
  Erica (D:8)
  A two-headed ogre (D:9)
  Pikel (D:4)
  A cyclops (D:9)
  A manticore (D:10)
  An ice statue (IceCv)
  An ice devil (IceCv)
  Prince Ribbit (D:9)
  Sigmund (D:4)
  A wraith (D:11)
  7 yaks
  2 wyverns
  8 vampire mosquitoes
  2 acid dragons
  2 water moccasins
  4 orc warriors
  The ghost of Faeu the Covered, an amateur MiFi (D:4)
  2 black bears
  5 sky beasts
  2 ogres
  3 centaurs
  A phantom (D:4)
  4 bullfrogs
  2 kobold brigands
  A wyvern zombie (D:8)
  3 scorpions
  A cane toad simulacrum (IceCv)
  A hornet simulacrum (D:8)
  A water moccasin skeleton (D:6)
  An elephant simulacrum (IceCv)
  5 killer bees
  3 wights (D:8)
  3 electric eels
  4 centaur zombies
  A bullfrog zombie (D:6)
  A centaur skeleton (D:6)
  3 hounds
  3 jellies
  3 orc priests
  A bullfrog skeleton (D:7)
  A gnoll shaman (D:6)
  Jessica (D:2)
  Ijyb (D:3)
  Natasha (thrice) (D:4)
  6 iguanas
  3 orc wizards
  A killer bee zombie (D:6)
  A centaur simulacrum (D:8)
  2 howler monkey zombies (D:9)
  9 gnolls
  2 howler monkey skeletons
  15 adders
  A naga simulacrum (IceCv)
  A shadow imp (D:6)
  A howler monkey simulacrum (D:8)
  8 white imps
  2 worms
  2 dart slugs
  16 orcs
  4 bats
  3 endoplasms
  2 giant cockroaches
  3 goblins
  7 hobgoblins
  6 jackals (D:4)
  7 kobolds
  2 quokkas
  8 ball pythons
  A frilled lizard (D:3)
  6 rats
217 creatures vanquished.

Vanquished Creatures (others)
  5 fungi (D:10)
  15 plants (D:10)
20 creatures vanquished.

Grand Total: 237 creatures vanquished

Notes
Turn   | Place    | Note
-------+----------+-------------------------------------------
     0 | D:1      | Ablot the Gnoll Warper began the quest for the Orb.
     0 | D:1      | Reached XP level 1. HP: 20/20 MP: 6/6
   136 | D:1      | Reached XP level 2. HP: 15/26 MP: 7/7
   333 | D:1      | Learned a level 2 spell: Blink
   766 | D:1      | Reached XP level 3. HP: 30/31 MP: 9/9
   779 | D:1      | Found a faded altar of an unknown god.
   872 | D:1      | Reached skill level 5 in Spellcasting
   874 | D:1      | Found Kaxzarepn's Antique Armour Emporium.
  1455 | D:2      | Reached skill level 1 in Invocations
  1863 | D:2      | Noticed Jessica
  1869 | D:2      | Killed Jessica
  1870 | D:2      | Reached skill level 1 in Short Blades
  1870 | D:2      | Reached skill level 1 in Long Blades
  1870 | D:2      | Reached skill level 1 in Axes
  1870 | D:2      | Reached skill level 1 in Maces & Flails
  1870 | D:2      | Reached skill level 1 in Staves
  1870 | D:2      | Reached skill level 1 in Slings
  1870 | D:2      | Reached skill level 1 in Bows
  1870 | D:2      | Reached skill level 1 in Crossbows
  1870 | D:2      | Reached skill level 1 in Stealth
  1870 | D:2      | Reached skill level 1 in Shields
  1870 | D:2      | Reached skill level 1 in Unarmed Combat
  1870 | D:2      | Reached skill level 1 in Evocations
  1870 | D:2      | Reached XP level 4. HP: 22/38 MP: 11/11
  2295 | D:3      | Reached skill level 1 in Conjurations
  2295 | D:3      | Reached skill level 1 in Hexes
  2295 | D:3      | Reached skill level 1 in Summonings
  2295 | D:3      | Reached skill level 1 in Necromancy
  2295 | D:3      | Reached skill level 1 in Transmutations
  2295 | D:3      | Reached skill level 1 in Fire Magic
  2295 | D:3      | Reached skill level 1 in Ice Magic
  2295 | D:3      | Reached skill level 1 in Air Magic
  2295 | D:3      | Reached skill level 1 in Earth Magic
  2295 | D:3      | Reached skill level 1 in Poison Magic
  2523 | D:3      | Noticed Ijyb
  2537 | D:3      | Killed Ijyb
  2538 | D:3      | Reached XP level 5. HP: 5/43 MP: 12/12
  2538 | D:3      | HP: 1/43 [orc/+0 flail (4)]
  3407 | D:4      | Noticed Natasha
  3416 | D:4      | Killed Natasha
  3433 | D:4      | Noticed Natasha
  3437 | D:4      | Killed Natasha
  3438 | D:4      | Reached XP level 6. HP: 39/50 MP: 13/13
  3735 | D:4      | Noticed a sky beast
  3745 | D:4      | Killed a sky beast
  3746 | D:4      | Reached skill level 5 in Fighting
  3746 | D:4      | Reached skill level 5 in Polearms
  3746 | D:4      | Reached skill level 5 in Dodging
  3834 | D:4      | Identified the ring of Otefeddy {Str+3 Slay+4}
  3859 | D:4      | Noticed Pikel
  3861 | D:4      | Noticed Sigmund
  3881 | D:4      | Killed Pikel
  3882 | D:4      | Reached XP level 7. HP: 16/56 MP: 15/15
  3890 | D:4      | Identified a scroll of acquirement
  3900 | D:4      | Gained mutation: You are partially covered in iridescent
                  | scales. (AC +2) [potion of mutation]
  3900 | D:4      | Gained mutation: You have large cloven feet. [potion of
                  | mutation]
  3909 | D:4      | Killed Sigmund
  3910 | D:4      | Reached XP level 8. HP: 9/63 MP: 14/16
  4310 | D:4      | Found a runed translucent door.
  4312 | D:4      | Noticed Faeu's ghost (amateur MiFi)
  4333 | D:4      | Found a runed translucent door.
  4372 | D:4      | Noticed Natasha
  4386 | D:4      | Killed Natasha
  4924 | D:4      | Killed Faeu's ghost
  5189 | D:5      | Entered Level 5 of the Dungeon
  5461 | D:5      | Learned a level 2 spell: Ensorcelled Hibernation
  5464 | D:5      | Learned a level 2 spell: Passwall
  5787 | D:5      | Identified the +7 battleaxe of Analysis {freeze, *Noise
                  | MP+9 Int+6 Dex+2}
  6352 | D:6      | Reached XP level 9. HP: 63/69 MP: 18/18
  6417 | D:6      | Found a staircase to the Ecumenical Temple.
  6426 | Temple   | Entered the Ecumenical Temple
  6708 | D:6      | Found a runed translucent door.
  6709 | D:6      | Noticed dangdung's ghost (novice OpTm)
  7527 | D:6      | Reached skill level 5 in Throwing
  7527 | D:6      | Reached skill level 5 in Armour
  7694 | D:6      | Reached skill level 5 in Invocations
  8260 | Temple   | Became a worshipper of Warmaster Okawaru
  8813 | D:7      | Found Fefirgh's Weapon Boutique.
  9051 | D:8      | Reached XP level 10. HP: 68/77 MP: 20/20
  9436 | D:8      | Noticed Harold
  9462 | D:8      | HP: 3/77 [Harold/+0 halberd (9)]
  9465 | D:8      | Killed Harold
  9465 | D:8      | Reached * piety under Okawaru
  9466 | D:8      | Reached skill level 5 in Short Blades
  9466 | D:8      | Reached skill level 5 in Long Blades
  9466 | D:8      | Reached skill level 5 in Axes
  9466 | D:8      | Reached skill level 5 in Maces & Flails
  9466 | D:8      | Reached skill level 5 in Staves
  9466 | D:8      | Reached skill level 5 in Slings
  9466 | D:8      | Reached skill level 5 in Bows
  9466 | D:8      | Reached skill level 5 in Crossbows
  9466 | D:8      | Reached skill level 5 in Stealth
  9466 | D:8      | Reached skill level 5 in Shields
  9466 | D:8      | Reached skill level 5 in Unarmed Combat
  9466 | D:8      | Reached skill level 5 in Evocations
  9479 | D:8      | HP: 3/77 [centaur zombie (4)]
  9907 | D:8      | Noticed Erica
  9913 | D:8      | Killed Erica
  9913 | D:8      | Reached ** piety under Okawaru
 10710 | D:8      | Found a white marble altar of Elyvilon.
 11090 | D:9      | Acquired 708 gold pieces
 11091 | D:9      | Noticed a two-headed ogre
 11104 | D:9      | Killed a two-headed ogre
 11465 | D:9      | Reached *** piety under Okawaru
 11910 | D:9      | Noticed Prince Ribbit
 11917 | D:9      | Killed Prince Ribbit
 11996 | D:9      | Reached XP level 11. HP: 69/84 MP: 22/22
 12207 | D:9      | Noticed a cyclops
 12230 | D:9      | Killed a cyclops
 12424 | D:10     | Entered Level 10 of the Dungeon
 12593 | D:9      | Reached skill level 5 in Conjurations
 12593 | D:9      | Reached skill level 5 in Hexes
 12593 | D:9      | Reached skill level 5 in Summonings
 12593 | D:9      | Reached skill level 5 in Necromancy
 12593 | D:9      | Reached skill level 5 in Transmutations
 12593 | D:9      | Reached skill level 5 in Fire Magic
 12593 | D:9      | Reached skill level 5 in Ice Magic
 12593 | D:9      | Reached skill level 5 in Air Magic
 12593 | D:9      | Reached skill level 5 in Earth Magic
 12593 | D:9      | Reached skill level 5 in Poison Magic
 12694 | D:10     | Reached **** piety under Okawaru
 13025 | D:10     | Noticed a manticore
 13033 | D:10     | Killed a manticore
 13357 | D:10     | Found a staircase to the Lair.
 13915 | D:11     | Reached ***** piety under Okawaru
 14058 | D:11     | Noticed a boulder beetle
 14072 | D:11     | Killed a boulder beetle
 14107 | D:11     | Found a frozen archway.
 14192 | IceCv    | Entered an ice cave
 14510 | IceCv    | Received a gift from Okawaru
 14921 | IceCv    | Engulfed by an ice statue's freezing vapour

Illustrated notes

Levels and vault maps discovered:
D:1:      dpeg_arrival_circle_labyrinth_a, layout_basic, serial_shops,
          nicolae_shop_waterfront, dreamdust_ecumenical_altar_angels_and_demons
D:2:      layout_loops_ring, uniq_jessica
D:3:      layout_rooms, uniq_ijyb
D:4:      layout_basic, ebering_ghost_sewer_f, uniq_natasha, uniq_pikel,
          uniq_sigmund
D:5:      layout_rooms
D:6:      minmay_clustersquares, layout_loops_corners,
          minmay_temple_entry_large_hall, ebering_ghost_inner_flame
D:7:      layout_rooms, serial_shops, shop_statue, minivault_1,
          minmay_misc_feat_pillars
D:8:      layout_basic, kennysheep_little_box, serial_ice, serial_ice_a,
          serial_ice_m, serial_ice_d, serial_ice_l, patterned_corridor,
          uniq_harold, uniq_erica
D:9:      layout_roguey, uniq_prince_ribbit1
D:10:     layout_basic, grunt_lair_entry_orc_guard_hut
D:11:     layout_loops_ring, portal_ice_cave_entry_pillars_2,
          kennysheep_generic_room_12
Temple:   minmay_crystal_snake_temple
IceCv:    ice_cave_small_demon

Skill      XL: |  1  2  3  4  5  6  7  8  9 10 11 |
---------------+----------------------------------+-----
Spellcasting   | 5 6 7 8 |  8.4
Invocations    | 1 2 3 4 5 6 7 |  7.2
Short Blades   | 1 2 3 4 5 6 |  6.6
Long Blades    | 1 2 3 4 5 6 |  6.6
Axes           | 1 2 3 4 5 6 |  6.6
Maces & Flails | 1 2 3 4 5 6 |  6.6
Staves         | 1 2 3 4 5 6 |  6.6
Slings         | 1 2 3 4 5 6 |  6.6
Bows           | 1 2 3 4 5 6 |  6.6
Crossbows      | 1 2 3 4 5 6 |  6.6
Stealth        | 1 2 3 4 5 6 |  6.6
Shields        | 1 2 3 4 5 6 |  6.6
Unarmed Combat | 1 2 3 4 5 6 |  6.6
Evocations     | 1 2 3 4 5 6 |  6.6
Conjurations   | 1 2 3 4 5 |  5.5
Hexes          | 1 2 3 4 5 |  5.5
Summonings     | 1 2 3 4 5 |  5.5
Necromancy     | 1 2 3 4 5 |  5.5
Transmutations | 1 2 3 4 5 |  5.5
Fire Magic     | 1 2 3 4 5 |  5.5
Ice Magic      | 1 2 3 4 5 |  5.5
Air Magic      | 1 2 3 4 5 |  5.5
Earth Magic    | 1 2 3 4 5 |  5.5
Poison Magic   | 1 2 3 4 5 |  5.5
Throwing       | 3 4 5 6 7 |  7.2
Armour         | 3 4 5 6 7 |  7.2
Fighting       | 5 6 7 8 |  8.1
Polearms       | 5 6 7 8 |  8.1
Dodging        | 5 6 7 8 |  8.1
Translocations | 6 7 |  7.8

Action                   |  1- 3 |  4- 6 |  7- 9 | 10-12 || total
-------------------------+-------+-------+-------+-------++-------
Melee: Spear             |   115 |       |       |       ||   115
       Bite              |    16 |    12 |    25 |    65 ||   118
       Punch             |     2 |     1 |     7 |     3 ||    13
       Short sword       |    20 |       |       |       ||    20
       Dagger            |       |    90 |   199 |   215 ||   504
       Unarmed           |       |     2 |     1 |       ||     3
       Kick              |       |       |    61 |    14 ||    75
       Flail             |       |       |    11 |     8 ||    19
       Morningstar       |       |       |       |    73 ||    73
       Scimitar          |       |       |       |    49 ||    49
Throw: Dart              |       |     3 |       |    10 ||    13
       Boomerang         |       |       |     4 |    21 ||    25
 Cast: Blink             |       |     1 |     3 |     3 ||     7
Invok: Heroism           |       |       |       |     4 ||     4
  Use: Scroll            |       |       |     2 |     6 ||     8
       Potion            |       |       |     2 |     1 ||     3
 Stab: Sleeping          |       |     1 |     4 |     2 ||     7
Armor: Leather armour    |    18 |     9 |    56 |     5 ||    88
       Scale mail        |       |       |       |   124 ||   124
Dodge: Dodged            |    64 |    36 |   124 |   165 ||   389
Block: Buckler           |       |       |       |    62 ||    62
